AoeStats
← Ibrahomovic

Pilgrims

509173781Analyzed
3v3 RM · 7d ago on Sep 25, 2026· 29m 26s· 6 players
Game mode
Random Map
Map size
Normal (6 player)
Population
200
Speed
Normal
Resources
Standard
Victory
Conquest
Starting age
Dark Age
Ending age
Imperial Age
RankedLock teamsTeams togetherTeam positionsShared explorationLock speedFull tech treeHidden civsTurbo modeCheats
Victory
Defeat
🇸🇪 Persians · Sweden
1322
+15
🇸🇪 Varangians · Sweden
1287
+17
🇸🇪 Slavs · Sweden
1262
+18
🇩🇪 Danes · Germany
1333
-17
🇩🇪 Persians · Germany
1304
-17
🇩🇪 Bohemians · Germany
1282
-16
KiazTV
10:27 Feudal Age
11:11 Double-Bit Axe
16:05 Loom
16:18 Fishing Lines
17:00 Gold Mining
19:46 Castle Age
20:27 Medium Warships
20:25 Scale Barding Armor
20:46 Bloodlines
20:36 Husbandry
22:11 Chain Barding Armor
22:02 Forging
24:51 Horse Collar
27:22 Iron Casting
28:18 Wheelbarrow
27:28 Town Watch
29:59 Hand Cart
Ibrahomovic
11:09 Feudal Age
11:40 Double-Bit Axe
20:46 Castle Age
19:21 Fletching
21:42 Bodkin Arrow
22:33 Padded Archer Armor
24:15 Clinker Construction
24:54 Gold Mining
25:45 Careening
26:00 Bow Saw
28:09 Ballistics
27:57 Loom
28:47 Wheelbarrow
Mädi
8:30 Loom
11:32 Feudal Age
12:08 Double-Bit Axe
15:27 Gold Mining
19:29 Castle Age
17:17 Man-at-Arms
18:01 Scale Mail Armor
18:21 Fletching
21:18 Wheelbarrow
20:58 Long Swordsman
25:04 Chain Mail Armor
26:13 Horse Collar
29:45 Forging
Julian X!
4:11 Loom
13:12 Feudal Age
14:11 Double-Bit Axe
19:14 Castle Age
17:16 Fletching
28:03 Squires
29:38 Scale Mail Armor
29:48 Forging
[CU] MatthiasKF
5:33 Loom
11:57 Feudal Age
13:20 Wheelbarrow
24:16 Castle Age
23:39 Double-Bit Axe
24:51 Town Watch
26:25 Fishing Lines
27:03 Scale Barding Armor
Scorpison
13:41 Feudal Age
15:48 Double-Bit Axe
18:05 Castle Age
16:19 Fletching
18:43 Bodkin Arrow
19:36 Careening
21:00 Ballistics
29:01 Clinker Construction
Connection lost

Rejoining the realm…

Still unreachable

The connection could not be restored.

Session expired

The server has moved on; the page needs a fresh start.